 Dungeon Crawl Stone Soup version 0.29-a0-757-g358383bc75 (webtiles) character file.

Game seed: 1256270456255484107

28 DuloT34 the Sneak (level 3, 0/20 HPs)
             Began as a Vine Stalker Delver on June 30, 2022.
             Slain by Terence
             ... wielding a +0 trident
              (5 damage)
             ... on level 3 of the Dungeon.
             The game lasted 00:01:43 (883 turns).

DuloT34 the Sneak (Vine Stalker Delver)              Turns: 883, Time: 00:01:44

Health: 0/20       AC:  3    Str: 16    XL:     3   Next: 12%
Magic:  0/4        EV: 11    Int: 10    God:
Gold:   21         SH:  0    Dex: 15    Spells: 2/2 levels left

rFire   . . .      SeeInvis .   a - +0 short sword
rCold   . . .      Faith    .   (no shield)
rNeg    . . .      Spirit   +   b - +0 leather armour
rPois   .          Reflect  .   (no helmet)
rElec   .          Harm     .   (no cloak)
rCorr   .          Rampage  .   (no gloves)
Will    .....                   (no boots)
Stlth   +.........              (no amulet)
HPRegen 0.06/turn               i - ring of flight
MPRegen 0.09/turn               (no ring)

@: confused, flying
A: fangs 2, magic shield, antimagic bite, no potion heal 2
a: no special abilities


You were on level 3 of the Dungeon.
You visited 1 branch of the dungeon, and saw 3 of its levels.

You collected 21 gold pieces.

Inventory:

Hand Weapons
 a - a +0 short sword (weapon)
Missiles
 d - a throwing net (quivered)
Armour
 b - a +0 leather armour (worn)
 m - a +0 kite shield
Jewellery
 i - a ring of flight (left hand)
Wands
 g - a wand of digging (8)
Scrolls
 c - a scroll of fog
 j - a scroll of vulnerability {unknown}
 n - a scroll of identify
Potions
 f - a potion of haste
 h - a potion of magic {unknown}
 l - a potion of experience {unknown}


   Skills:
 + Level 3.3 Fighting
 + Level 2.5 Short Blades
 - Level 1.5 Dodging
 - Level 6.0 Stealth


You had 2 spell levels left.
You didn't know any spells.
Your spell library contained the following spells:

 Spells                   Type           Power      Damage    Failure   Level
 Sting                    Tmut/Pois      0%         1d3       43%         1
 Poisonous Vapours        Pois/Air       0%         N/A       56%         2
 Olgreb's Toxic Radiance  Pois           0%         N/A       99%         4


Dungeon Overview and Level Annotations

Branches:
Dungeon (5/15)
 Temple: D:4-7

Altars:

Annotations:
D:3 Terence


Innate Abilities, Weirdness & Mutations

You have extremely sharp teeth.
When hurt, damage is shared between your health and your magic reserves.
Your bite disrupts and absorbs the magic of your enemies.
Potions cannot restore your health.


Message History

The orc hits you with a +0 short sword.
You closely miss the orc.
The orc is almost dead.
The orc hits you with a +0 club. The orc misses you.
You hit the orc.
You kill the orc!
The orc hits you with a +0 club.
* * * LOW HITPOINT WARNING * * *
The orc wizard gestures wildly while chanting.
The orc wizard flickers and vanishes!
Deactivating autopickup; reactivate with Ctrl-A.
As you read the scroll of teleportation, it crumbles to dust.
You feel strangely unstable. The orc hits you but does no damage.
As you read the scroll of fear, it crumbles to dust.
You assume a fearsome visage.
The orc looks frightened!
The orc wizard looks frightened!
The orc wizard gestures wildly while chanting.
The orc wizard flickers and vanishes!
You hit the orc.
Your attack snaps the orc out of its fear.
The orc is moderately wounded.
The orc hits you but does no damage.
You hit the orc but do no damage. Your bite misses the orc.
The orc is moderately wounded.
The orc misses you.
You hit the orc. You bite the orc. You drain its power.
You feel invigorated.
The orc is severely wounded.
The orc misses you.
You hit the orc. Your bite misses the orc.
The orc is almost dead.
Your surroundings suddenly seem different.
Found a sling, a falchion and a scroll labelled MYFURGH CACZUNN.
You are confused.
You bump into the rock wall.
Terence the Incautious comes into view.
He is wielding a +0 trident.
You're too confused to move!
You hear some strange, mumbled words.
You are more confused.
Terence hits you with a +0 trident!
You die...

..... ..... ........# ......
........# .?...# ........##
#)..... )[....... .......
......... ###@..#
........###.@...###..........
......†.o........#..?........
.#.###)................. #.#
...................
##o##.............o.oo.>
#.).................o...
##############....r...o.
#.>...# #######


You could see Terence and an orc.

Vanquished Creatures
  2 adders
  2 orcs (D:3)
  2 endoplasms (D:4)
  A kobold (D:4)
  A frilled lizard (D:3)
8 creatures vanquished.

Notes
Turn   | Place    | Note
-------+----------+-------------------------------------------
     0 | D:5      | DuloT34 the Vine Stalker Delver began the quest for the
                  | Orb.
     0 | D:5      | Reached XP level 1. HP: 11/11 MP: 2/2
   251 | D:4      | Noticed a jelly
   491 | D:3      | Noticed an orc wizard
   491 | D:3      | Noticed an orc wizard
   696 | D:4      | Reached XP level 2. HP: 12/16 MP: 1/3
   790 | D:3      | Reached XP level 3. HP: 8/20 MP: 2/4
   882 | D:3      | Noticed Terence
   883 | D:3      | Slain by Terence

Illustrated notes

Levels and vault maps discovered:
D:3:      layout_rooms, uniq_grinder, uniq_terence
D:4:      layout_gridville, serial_shops, kennysheep_mini
D:5:      layout_basic, uniq_crazy_yiuf_cottage, uniq_menkaure

Skill      XL: |  1 |
---------------+----+-----
Fighting       | 3 |  3.3
Short Blades   | 2 |  2.5
Dodging        | |  1.5
Stealth        | |  6.0

Action                   || total
-------------------------++-------
Melee: Short sword       ||    31
       Bite              ||     3
  Use: Scroll            ||     5
 Stab: Sleeping          ||     2
Armor: Leather armour    ||     3
Dodge: Dodged            ||    16

Table legend: (Time is in decaauts)
 A = Elapsed time spent in this place.
 B = Non-inter-level travel time spent in this place.
 C = Inter-level travel time spent in this place.
 D = Time resting spent in this place.
 E = Time spent auto-exploring this place.
 F = Levels seen in this place.
 G = Mean time per level.
                   A        B        C        D        E       F      G
               +--------+--------+--------+--------+--------+-----+--------+
         Total |    882 |    882 |      0 |    612 |     48 |   3 |  294.0 |
       Dungeon |    882 |    882 |      0 |    612 |     48 |   3 |  294.0 |
               +--------+--------+--------+--------+--------+-----+--------+

Top non-repeatable levels by time:
     D:4: 741 daAuts
     D:3: 104 daAuts
     D:5: 37 daAuts
